 Dungeon Sprint DCSS version 0.19-a0-1922-g1e9a4c1 (webtiles) character file.

247 Naow the Covert (level 5, -3/24 HPs)
             Began as a Spriggan Enchanter on Oct 24, 2016.
             Was an Initiate of Dithmenos.
             Slain by a wyvern (14 damage)
             ... in the Dungeon (Sprint IX: "|||||||||||||||||||||||||||||").
             The game lasted 00:02:54 (552 turns).

Naow the Covert (Spriggan Enchanter)                 Turns: 552, Time: 00:02:54

Health: -3/24      AC:  3    Str:  5      XL:     5   Next: 85%
Magic:  0/16       EV: 18    Int: 16      God:    Dithmenos [......]
Gold:   0          SH:  0    Dex: 14 (17) Spells: 4 memorised, 11 levels left

rFire  . . .     SeeInvis +     a - +1 dagger
rCold  . . .     Gourm    .     b - +1 robe
rNeg   . . .     Faith    .     (shield restricted)
rPois  .         Spirit   .     (helmet restricted)
rElec  .         Reflect  .     (no cloak)
rCorr  .         Harm     .     (gloves unavailable)
MR     .....     NoTele   +     (boots unavailable)
Stlth  +++++.....               (no amulet)
                                (no ring)
                                (no ring)

@: very quick
A: unfitting armour, see invisible, herbivore 3, speed 3, slow metabolism 2
a: Renounce Religion


You were in the Dungeon.
You worshipped Dithmenos.
Dithmenos was noncommittal.
You were not hungry.

You visited 1 branch

Inventory:

Hand Weapons
 a - a +1 dagger (weapon)
Armour
 b - a +1 robe (worn)
Jewellery
 n - a +2 ring of evasion
 o - a +3 ring of strength
Wands
 m - a wand of lightning (7/15)
Scrolls
 j - 2 scrolls of blinking
 k - 3 scrolls of remove curse
 l - 2 scrolls of amnesia
Potions
 e - 5 potions of curing
 f - 3 potions of heal wounds
 g - a potion of haste
 h - 4 potions of magic
 i - a potion of invisibility
Books
 c - a book of Maledictions

   Spells                             Type                      Level
   a - Corona                         Hexes                        1
   b - Ensorcelled Hibernation        Hexes/Ice                    2
   c - Confuse                        Hexes                        3
   d - Tukima's Dance                 Hexes                        3
   e - Dazzling Spray                 Conjuration/Hexes            3
Comestibles
 d - a bread ration


   Skills:
 + Level 4.5 Short Blades
 - Level 3.0 Dodging
 + Level 11.0 Stealth
 + Level 8.3 Spellcasting
 + Level 8.7 Hexes


You had 11 spell levels left.
You knew the following spells:

 Your Spells              Type           Power        Failure   Level  Hunger
a - Corona                Hex            ####...      1%          1    None
b - Ensorcelled Hibernat  Hex/Ice        ###...       3%          2    None
c - Tukima's Dance        Hex            ####....     1%          3    #......
d - Confuse               Hex            ####....     1%          3    #......


Dungeon Overview and Level Annotations

Branches:
Dungeon (1/1)

Altars:
Cheibriados
Dithmenos
Elyvilon
Fedhas
Gozag
Hepliaklqana
Kikubaaqudgha
Makhleb
Nemelex Xobeh
Okawaru
Qazlal
Ru
Sif Muna
Trog
Uskayaw
Vehumet
Xom
Yredelemnul
Zin
The Shining One
Beogh
Jiyva
Lugonu


Innate Abilities, Weirdness & Mutations

You are very small and have problems with some larger weapons.
You are too small for most types of armour.
You have supernaturally acute eyesight. (SInv)
You are a herbivore.
You cover ground extremely quickly.
You need consume almost no food.


Message History

The quasit claws you but does no damage. x2
You catch the helpless quasit completely off-guard!
You impale the quasit!!
You kill the quasit!
Dithmenos accepts your kill.
You feel your dexterity returning.
Your Stealth skill increases to level 11!
Casting: Confuse
Confirm with . or Enter, or press ? or * to list all spells.
Aiming: Ensorcelled Hibernation
Press: ? - help, Shift-Dir - straight line
Okay, then.
Casting: Ensorcelled Hibernation
Confirm with . or Enter, or press ? or * to list all spells.
Aiming: Ensorcelled Hibernation
Press: ? - help, Shift-Dir - straight line, f - wyvern
Aim: a wyvern (chance to defeat MR: 50%)
The wyvern resists with some effort.
The wyvern bites you!
Ouch! That really hurt!
You die...

▓▓▓
▓<▓
▓.▓
▓.▓
▓.▓
▓'▓
▓.▓
▓.▓
▓@▓
▓l▓
▓Z▓
▓'▓
▓[▓
▓.▓
▓.▓
▓.▓
▓.▓


You could see a wyvern and a bat zombie.

Vanquished Creatures
  A hungry ghost (D)
  A crimson imp (D)
  A quasit (D)
  A hound (D)
  A worker ant (D)
  A dart slug (D)
  A leopard gecko (D)
  An orc (D)
  A goblin (D)
  2 bats (D)
  A frilled lizard (D)
12 creatures vanquished.

Notes
Turn   | Place    | Note
-------+----------+-------------------------------------------
     0 | D        | Naow the Spriggan Enchanter began the quest for the Orb.
     0 | D        | Reached XP level 1. HP: 9/9 MP: 5/5
    10 | D        | Reached skill level 5 in Stealth
   207 | D        | Noticed a worker ant
   207 | D        | Noticed a hound
   207 | D        | Noticed a crimson imp
   213 | D        | Killed a worker ant
   213 | D        | Reached skill level 7 in Stealth
   213 | D        | Reached skill level 5 in Hexes
   213 | D        | Reached XP level 2. HP: 13/13 MP: 6/8
   213 | D        | Reached XP level 3. HP: 16/16 MP: 7/10
   222 | D        | Reached skill level 8 in Stealth
   222 | D        | Reached skill level 5 in Spellcasting
   227 | D        | Reached skill level 9 in Stealth
   227 | D        | Reached XP level 4. HP: 12/21 MP: 8/13
   388 | D        | Learned a level 2 spell: Ensorcelled Hibernation
   392 | D        | Learned a level 3 spell: Tukima's Dance
   396 | D        | Learned a level 3 spell: Confuse
   401 | D        | Found a roughly hewn altar of Beogh.
   401 | D        | Found a snail-covered altar of Cheibriados.
   401 | D        | Found a shadowy altar of Dithmenos.
   401 | D        | Found a white marble altar of Elyvilon.
   401 | D        | Found a blossoming altar of Fedhas.
   401 | D        | Found an opulent altar of Gozag.
   402 | D        | Found a hazy altar of Hepliaklqana.
   403 | D        | Found a viscous altar of Jiyva.
   404 | D        | Found an ancient bone altar of Kikubaaqudgha.
   405 | D        | Found a corrupted altar of Lugonu.
   406 | D        | Became a worshipper of Dithmenos the Shadowed
   407 | D        | Found a burning altar of Makhleb.
   408 | D        | Found a sparkling altar of Nemelex Xobeh.
   409 | D        | Found an iron altar of Okawaru.
   410 | D        | Found a stormy altar of Qazlal.
   411 | D        | Found a sacrificial altar of Ru.
   412 | D        | Found a deep blue altar of Sif Muna.
   413 | D        | Found a bloodstained altar of Trog.
   414 | D        | Found a hide-covered altar of Uskayaw.
   415 | D        | Found a radiant altar of Vehumet.
   416 | D        | Found a shimmering altar of Xom.
   417 | D        | Found a basalt altar of Yredelemnul.
   418 | D        | Found a glowing silver altar of Zin.
   419 | D        | Found a glowing golden altar of the Shining One.
   454 | D        | Noticed a hungry ghost
   454 | D        | Noticed a wyvern
   472 | D        | Killed a hungry ghost
   472 | D        | Reached skill level 10 in Stealth
   472 | D        | Reached XP level 5. HP: 23/24 MP: 0/16
   551 | D        | Reached skill level 11 in Stealth
   552 | D        | Slain by a wyvern

Vault maps used:
D:        linesprint

Skill      XL: |  1  2  3  4  5 |
---------------+----------------+-----
Spellcasting   | 4 6 8 |  8.3
Hexes          | 5 7 8 |  8.7
Stealth        | 7 9 10 11 | 11.0
Short Blades   | 4 |  4.5
Dodging        | |  3.0

Action                   |  1- 3 |  4- 6 || total
-------------------------+-------+-------++-------
Melee: Dagger            |    33 |    50 ||    83
 Cast: Confuse           |       |     7 ||     7
       Ensorcelled Hiber |       |     1 ||     1
  Use: Potion            |     1 |       ||     1
 Stab: Sleeping          |     1 |       ||     1
       Confused          |       |     2 ||     2
Armor: Robe              |     4 |    16 ||    20
Dodge: Dodged            |    27 |    78 ||   105
